 Dungeon Crawl Stone Soup version 0.27.0-1-g7a089689b8 (webtiles) character file.

Game seed: 9097163256282528261

59 hawla the Grave Robber (level 3, -1/19 HPs)
             Began as a Deep Elf Necromancer on Aug 2, 2021.
             Slain by a worm (9 damage)
             ... on level 2 of the Dungeon.
             The game lasted 00:02:48 (2172 turns).

hawla the Grave Robber (Deep Elf Necromancer)       Turns: 2172, Time: 00:02:50

Health: -1/19      AC:  2    Str:  4 (5)  XL:     3   Next: 78%
Magic:  5/9        EV: 13    Int: 19 (20) God:
Gold:   32         SH:  0    Dex: 14 (15) Spells: 7/8 levels left

rFire    . . .     SeeInvis .   b - +0 dagger
rCold    . . .     Faith    .   (no shield)
rNeg     . . .     Spirit   .   a - +0 robe
rPois    .         Reflect  .   (no helmet)
rElec    .         Harm     .   (no cloak)
rCorr    .         Rampage  .   (no gloves)
Will     .....                  (no boots)
Stlth    ++........             (no amulet)
HPRegen  0.06/turn              (no ring)
MPRegen  0.11/turn              (no ring)

@: very slightly contaminated
A: no striking features
a: no special abilities


You were on level 2 of the Dungeon.
You visited 1 branch of the dungeon, and saw 2 of its levels.

You collected 32 gold pieces.

Inventory:

Hand Weapons
 b - a +0 dagger (weapon)
Missiles
 d - 13 poisoned darts (quivered)
Armour
 a - a +0 robe (worn)
Potions
 c - a potion of haste {unknown}


   Skills:
 + Level 3.5 Dodging
 + Level 3.6 Stealth
 - Level 3.0 Spellcasting
 + Level 5.5 Necromancy


You had 7 spell levels left.
You knew the following spells:

 Your Spells              Type           Power      Damage    Failure   Level
a - Pain                  Necr           92%        1d8       1%          1

Your spell library contained the following spells:

 Spells                   Type           Power      Damage    Failure   Level
 Animate Skeleton         Necr           46%        N/A       1%          1
 Vampiric Draining        Necr           11%        2d7       4%          3
 Animate Dead             Necr           11%        N/A       16%         4
 Agony                    Necr           23%        N/A       41%         5


Dungeon Overview and Level Annotations

Branches:
Dungeon (2/15)

Altars:


Message History

Aim: an adder (almost dead, chance to affect: 88%)
The adder writhes in agony!
You kill the adder!
You feel your strength returning.
A dart slug comes into view.
A worm comes into view.
The dart slug launches a dart at you. The slug dart hits you.
You hit the worm but do no damage. The dart slug launches a dart at you.
The slug dart misses you.
Casting: Pain (safe; 1% risk of failure)
Confirm with . or Enter, or press ? or * to list all spells.
Aiming: Pain (safe; 1% risk of failure)
Press: ? - help, Shift-Dir - straight line, f - worm
Aim: a worm (chance to affect: 88%)
The worm writhes in agony.
The worm closely misses you.
Casting: Pain (safe; 1% risk of failure)
Confirm with . or Enter, or press ? or * to list all spells.
Aiming: Pain (safe; 1% risk of failure)
Press: ? - help, Shift-Dir - straight line, f/p - worm
Aim: a worm (lightly wounded, chance to affect: 88%)
The worm writhes in agony.
The dart slug launches a dart at you. The slug dart misses you.
Casting: Pain (safe; 1% risk of failure)
Confirm with . or Enter, or press ? or * to list all spells.
Aiming: Pain (safe; 1% risk of failure)
Press: ? - help, Shift-Dir - straight line, f/p - worm
Aim: a worm (heavily wounded, chance to affect: 88%)
The worm writhes in agony!
The worm bites you.
Casting: Pain (safe; 1% risk of failure)
Confirm with . or Enter, or press ? or * to list all spells.
Aiming: Pain (safe; 1% risk of failure)
Press: ? - help, Shift-Dir - straight line, f/p - worm
Aim: a worm (almost dead, chance to affect: 88%)
You miscast Pain.
You are very lightly contaminated with residual magic.
Nothing appears to happen.
The worm bites you!
You die...

#######.########..w
#..................
#####..........#...
#####..###..... ####
##...###... #....
#######.###...
#....#####.............
#..........#######..###
#.....@##### ##..##
#....#.w# ######...
#... ##... ........>
#.w #### ######.# ##
###.....# #######
#####........ #.....#
###........####
#.....###......#####
#...........####


You could see a worm and a dart slug.

Vanquished Creatures
  An adder (D:2)
  A worm (D:2)
  A dart slug (D:2)
  4 bats
  2 giant cockroaches (D:1)
  5 goblins
  2 hobgoblins
  8 jackals (D:1)
  2 quokkas (D:1)
  3 ball pythons
  2 frilled lizards
  5 kobolds
  4 rats
40 creatures vanquished.

Notes
Turn   | Place    | Note
-------+----------+-------------------------------------------
     0 | D:1      | hawla the Deep Elf Necromancer began the quest for the Orb.
     0 | D:1      | Reached XP level 1. HP: 10/10 MP: 6/6
   324 | D:1      | Reached skill level 5 in Necromancy
   328 | D:1      | Reached XP level 2. HP: 7/15 MP: 0/8
   730 | D:1      | Found a faded altar of an unknown god.
  1255 | D:1      | Reached XP level 3. HP: 15/19 MP: 5/9
  2172 | D:2      | Slain by a worm

Illustrated notes

Levels and vault maps discovered:
D:1:      dpeg_arrival_erosion, layout_loops_ring,
          hellmonk_ecumenical_altar_blasted
D:2:      layout_rooms

Skill      XL: |  1  2 |
---------------+-------+-----
Necromancy     | 5 |  5.5
Stealth        | 3 |  3.6
Dodging        | 3 |  3.5
Spellcasting   | |  3.0

Action                   || total
-------------------------++-------
Melee: Unarmed           ||     2
       Dagger            ||     3
 Cast: Pain              ||    69
  Use: Scroll            ||     1
       Potion            ||     1
Armor: Robe              ||     2
Dodge: Dodged            ||    14
